 Dungeon Crawl Stone Soup version 0.28.0-43-g3370ac3207 (webtiles) character file.

Game seed: 3394451520295366115

8084 Pemander the Thaumaturge (level 11, -2/72 HPs)
             Began as a Djinni Fire Elementalist on Mar 23, 2022.
             Was a Believer of Hepliaklqana.
             Slain by a skeletal warrior
             ... wielding a +0 dire flail
             ... led by a skeletal warrior
              (17 damage)
             ... on level 9 of the Dungeon.
             The game lasted 00:25:31 (11939 turns).

Pemander the Thaumaturge (DjFE)                    Turns: 11939, Time: 00:25:32

Health: -2/72      AC:  6    Str:  7    XL:     11   Next: 49%
Gold:   592        EV: 15    Int: 22    God:    Hepliaklqana [**....] SH:  0 Dex: 13

rFire   + + +      SeeInvis .   j - +0 whip (elec)
rCold   x . .      Faith    .   (no shield)
rNeg    . . .      Spirit   .   w - +2 robe {Archmagi}
rPois   ∞          Reflect  .   (no helmet)
rElec   .          Harm     .   (no cloak)
rCorr   .          Rampage  .   l - +1 pair of gloves
Will    +....      Archmagi +   (boots unavailable)
Stlth   ++........              (no amulet)
HPRegen 0.22/turn               u - ring of protection from cold
MPRegen 0.00/turn               g - ring of fire

@: flying
A: reduced essence, sickness immunity, fire resistance 2, cold vulnerability 1,
float, innate caster, HP casting, extra vitality 1
a: Renounce Religion, Recall Ancestor, Ancestor Identity


You were on level 9 of the Dungeon.
You worshipped Hepliaklqana.
Hepliaklqana was pleased with you.
You visited 2 branches of the dungeon, and saw 10 of its levels.

You collected 892 gold pieces.
You spent 300 gold pieces at shops.

Inventory:

Hand Weapons
 j - a +0 whip of electrocution (weapon)
 z - a +4 scimitar of flaming
Armour
 a - a +0 robe
 e - a scarf of shadows
 l - a +1 pair of gloves (worn)
 p - a +1 hat
 r - a +0 leather armour of cold resistance
 v - a +2 helmet
 w - a +2 robe of the Archmagi (worn)
 A - a +2 robe of willpower
Jewellery
 g - a ring of fire (right hand)
 t - a ring of see invisible
 u - a ring of protection from cold (left hand)
Wands
 n - a wand of flame (73)
 o - a wand of polymorph (1)
 s - a wand of paralysis (11)
 C - a wand of mindburst (18)
Scrolls
 d - 3 scrolls of fog
 f - a scroll of magic mapping
 k - 2 scrolls of enchant armour
 q - 5 scrolls of teleportation
 y - 2 scrolls of fear
 B - a scroll of blinking
Potions
 b - 2 potions of curing {unknown}
 c - a potion of haste {unknown}
 h - a potion of heal wounds
 i - a potion of attraction {unknown}
 m - a potion of cancellation {unknown}
 x - a potion of invisibility {unknown}
 D - a potion of resistance {unknown}


   Skills:
 - Level 8.2 Fighting
 - Level 8.0 Dodging
 - Level 2.0 Stealth
 + Level 10.5 Spellcasting


You had 5 spell levels left.
You knew the following spells:

 Your Spells              Type           Power      Damage    Failure   Level
a - Foxfire               Conj/Fire      100%       2x1d9     1%          1
b - Scorch                Fire           100%       2d10      1%          2
c - Conjure Flame         Conj/Fire      92%        6-21      1%          3
d - Inner Flame           Hex/Fire       92%        N/A       1%          3
e - Flame Wave            Conj/Fire      92%        2d16      1%          4
f - Sting                 Tmut/Pois      100%       1d8       1%          1
g - Blink                 Tloc           100%       N/A       1%          2
h - Dazzling Flash        Conj/Hex       100%       N/A       1%          3
i - Confusing Touch       Hex            72%        N/A       1%          3
j - Animate Dead          Necr           36%        N/A       1%          4
Your spell library was empty.

Dungeon Overview and Level Annotations

Branches:
Dungeon (9/15)             Temple (1/1) D:4
   Lair: D:8-11         Orc: D:9-12

Altars:
Ashenzari
Cheibriados
Elyvilon
Gozag
Hepliaklqana
Kikubaaqudgha
Makhleb
Nemelex Xobeh
Okawaru
Qazlal
Ru
Sif Muna
Trog
Uskayaw
Vehumet
Wu Jian
Xom
Yredelemnul
Zin
The Shining One

Shops:
D:5 (   D:6 :!:(=

Annotations:
D:3 1 runed translucent door, terff's ghost, amateur GrGl


Innate Abilities, Weirdness & Mutations

Your life essence is reduced to manifest your ancestor. (-10% HP)
You are immune to sickness and miasma.
You are immune to poison.
Your flesh is very heat resistant. (rF++)
You are vulnerable to cold. (rC-)
You float through the air rather than walking.
You learn spells naturally, not from books.
Your magical power is your life essence.
You have superior vitality. (+4 MHP)


Message History

Confirm with . or Enter, or press ? or * to list all spells.
You feel a strong surge of power!
Flames lash the skeletal warrior but do no damage.
Casting: Scorch (safe; 1% risk of failure)
Confirm with . or Enter, or press ? or * to list all spells.
You feel a strong surge of power!
Flames lash the skeletal warrior but do no damage.
The skeletal warrior hits you with a +0 dire flail!
Unknown command.
Casting: Scorch (safe; 1% risk of failure)
Confirm with . or Enter, or press ? or * to list all spells.
You feel a strong surge of power!
Flames lash the skeletal warrior.
The skeletal warrior is burned terribly!
The skeletal warrior is almost destroyed.
The skeletal warrior closely misses you.
Casting: Scorch (safe; 1% risk of failure)
Confirm with . or Enter, or press ? or * to list all spells.
You feel a strong surge of power!
Flames lash the skeletal warrior.
The skeletal warrior is burned terribly!
The skeletal warrior is almost destroyed.
The skeletal warrior barely misses you.
Casting: Scorch (safe; 1% risk of failure)
Confirm with . or Enter, or press ? or * to list all spells.
You feel a strong surge of power!
Flames lash the skeletal warrior but do no damage.
The skeletal warrior hits you with a +0 dire flail!
Casting: Scorch (safe; 1% risk of failure)
Confirm with . or Enter, or press ? or * to list all spells.
You feel a strong surge of power!
Flames lash the skeletal warrior but do no damage.
The skeletal warrior hits you with a +0 dire flail!
* * * LOW HITPOINT WARNING * * *
Casting: Scorch (safe; 1% risk of failure)
Confirm with . or Enter, or press ? or * to list all spells.
You feel a strong surge of power!
Flames lash the skeletal warrior.
The skeletal warrior is burned terribly!
The skeletal warrior is almost destroyed.
* * * LOW HITPOINT WARNING * * *
The skeletal warrior hits you with a +0 dire flail!
You die...

###.# #.z..##....# #...#
#....#.....#....... #...#
#....#.....#....... #...#
#....#.....#....... #...#
#....#.....#....... #...#
#....#.....#.......
#...#####.>..#.....#.......
##...........##'####.......
#........@z...............
#<.......######....######'
#........# #....#......
#######..# ####.#......
#..# #.#...... #..#
#.#...... #..# #.#......
#..# #.####### ...


You could see a skeletal warrior (combustible).

Vanquished Creatures
  A two-headed ogre (D:9)
  Erica (D:8)
  A skeletal warrior (D:8)
  Pikel (D:6)
  A manticore (D:7)
  Joseph (D:7)
  Eustachio (D:6)
  2 wyverns
  A yak (D:8)
  A water moccasin (D:9)
  Duvessa (D:7)
  An orc warrior (D:8)
  An ice beast (D:7)
  A hornet zombie (D:6)
  3 ogres
  3 phantoms
  A lemure (D:6)
  A gnoll sergeant (D:8)
  5 scorpions
  A wyvern zombie (D:6)
  Dowan (D:7)
  5 wights
  2 jellies
  A centaur skeleton (D:6)
  6 orc priests
  A gnoll shaman (D:5)
  2 iguanas
  9 orc wizards
  14 gnolls
  4 adders
  A howler monkey skeleton (D:7)
  A white imp (D:6)
  2 adder skeletons (D:4)
  2 worms (D:3)
  3 dart slugs
  46 orcs
  7 ball pythons
  A bat (D:2)
  8 endoplasms
  2 goblins (D:2)
  8 hobgoblins
  2 jackals (D:1)
  10 kobolds
  2 quokkas
  A frilled lizard (D:3)
  4 rats
174 creatures vanquished.

Vanquished Creatures (collateral kills)
  Erolcha (D:9)
  5 yaks (D:8)
  2 orc warriors
  A centaur (D:8)
  A kobold brigand (D:8)
  A bullfrog (D:8)
  2 gnoll sergeants (D:8)
  2 wights (D:7)
  An orc priest (D:8)
  A gnoll shaman (D:9)
  A jelly (D:8)
  An orc wizard (D:8)
  5 gnolls
  21 orcs
45 creatures vanquished.

Vanquished Creatures (others)
  2 knights (D:9)
  2 ancestors (D:6)
  121 foxfires
  A fungus (D:1)
  3 plants (D:1)
129 creatures vanquished.

Grand Total: 348 creatures vanquished

Notes
Turn   | Place    | Note
-------+----------+-------------------------------------------
     0 | D:1      | Pemander the Djinni Fire Elementalist began the quest for
                  | the Orb.
     0 | D:1      | Reached XP level 1. HP: 15/15 MP: 0/0
   545 | D:1      | Reached XP level 2. HP: 8/21 MP: 0/0
  1279 | D:2      | Reached XP level 3. HP: 23/25 MP: 0/0
  1279 | D:2      | Learned a level 1 spell: Sting
  1627 | D:2      | Reached skill level 3 in Spellcasting
  2091 | D:3      | Reached skill level 1 in Fighting
  2354 | D:3      | Reached XP level 4. HP: 17/33 MP: 0/0
  2694 | D:3      | Noticed an ogre
  2701 | D:3      | Killed an ogre
  2702 | D:3      | Reached XP level 5. HP: 27/41 MP: 0/0
  2702 | D:3      | Learned a level 2 spell: Blink
  3240 | D:3      | Reached XP level 6. HP: 43/47 MP: 0/0
  3309 | D:3      | Found a runed translucent door.
  3311 | D:3      | Noticed terff's ghost (amateur GrGl)
  4650 | D:4      | Found a stormy altar of Qazlal.
  4661 | D:4      | Reached skill level 4 in Spellcasting
  4661 | D:4      | Reached XP level 7. HP: 42/52 MP: 0/0
  4661 | D:4      | Learned a level 3 spell: Dazzling Flash
  5052 | D:4      | Found a staircase to the Ecumenical Temple.
  5084 | Temple   | Entered the Ecumenical Temple
  5165 | Temple   | Became a worshipper of Hepliaklqana the Forgotten
  5593 | D:5      | Entered Level 5 of the Dungeon
  5820 | D:5      | Found a broken altar of Ashenzari.
  5833 | D:5      | Reached skill level 5 in Spellcasting
  6121 | D:5      | Found Zeasarghoti's Antique Weapon Shop.
  6515 | D:6      | Reached XP level 8. HP: 33/58 MP: 0/0
  6745 | D:6      | Reached * piety under Hepliaklqana
  6754 | D:6      | Found Gesy's Book Shop.
  6907 | D:6      | Reached skill level 6 in Spellcasting
  6915 | D:6      | Noticed Eustachio
  6920 | D:6      | Killed Eustachio
  6989 | D:6      | Noticed Pikel
  6992 | D:6      | Killed Pikel
  6993 | D:6      | Reached skill level 7 in Spellcasting
  6993 | D:6      | Reached XP level 9. HP: 42/55 MP: 0/0
  6993 | D:6      | Learned a level 3 spell: Confusing Touch
  7211 | D:6      | Found a snail-covered altar of Cheibriados.
  7251 | D:6      | Found Ibloiluyc's Distillery.
  7383 | D:6      | Reached skill level 8 in Spellcasting
  7492 | D:6      | Found Ythybar's Book Shop.
  7658 | D:6      | Found Nyutym's Jewellery Emporium.
  7661 | D:6      | Bought a ring of protection from cold for 300 gold pieces
  7681 | D:6      | Found Zarour's Antique Weapon Boutique.
  7756 | D:6      | Found a shimmering altar of Xom.
  8218 | D:7      | Noticed Joseph
  8224 | D:7      | Killed Joseph
  8225 | D:7      | Reached skill level 9 in Spellcasting
  8530 | D:7      | Noticed Duvessa
  8530 | D:7      | Noticed Dowan
  8534 | D:7      | Noticed a manticore
  8547 | D:7      | Killed Duvessa
  8549 | D:7      | Killed a manticore
  8550 | D:7      | Reached skill level 5 in Fighting
  8550 | D:7      | Reached XP level 10. HP: 32/63 MP: 0/0
  8551 | D:7      | Killed Dowan
  8816 | D:7      | Reached ** piety under Hepliaklqana
  8817 | D:7      | Remembered your ancestor Synnove as a knight
  8898 | D:7      | Reached skill level 5 in Dodging
  9161 | D:7      | Found a sparkling altar of Nemelex Xobeh.
  9220 | D:7      | Found an iron altar of Okawaru.
  9346 | D:8      | Noticed Erica
  9350 | D:8      | Killed Erica
  9966 | D:8      | Reached XP level 11. HP: 24/72 MP: 0/0
  9966 | D:8      | Learned a level 4 spell: Animate Dead
 10661 | D:8      | Found an ornate altar of the Wu Jian Council.
 10951 | D:9      | Noticed Erolcha
 10952 | D:9      | Noticed a skeletal warrior
 10955 | D:9      | Noticed a two-headed ogre
 10957 | D:9      | Killed Erolcha
 11032 | D:9      | Reached skill level 10 in Spellcasting
 11470 | D:9      | Noticed a skeletal warrior
 11472 | D:9      | Noticed a skeletal warrior
 11476 | D:9      | Noticed a skeletal warrior
 11586 | D:8      | Killed a skeletal warrior
 11825 | D:9      | Killed a two-headed ogre
 11939 | D:9      | Slain by a skeletal warrior

Illustrated notes

Levels and vault maps discovered:
D:1:      saegor_arrival_fortress, layout_rooms,
          shapermc_ecumenical_altar_mp_urbaneastern, minmay_rat_gold_closets
D:2:      layout_basic, basic_altar, minmay_misc_feat_chi,
          nicolae_concentric_dashed_squares_mild
D:3:      layout_basic, ebering_ghost_inner_flame, st_stairs_5
D:4:      layout_layer_cave, mainiacjoe_overflow_tiny_flanked,
          minmay_temple_entry_slanted
D:5:      layout_basic, overflow_temple_1_default, serial_shops,
          nicolae_shop_trees
D:6:      layout_basic, kennysheep_slug_shrine, lemuel_crystal_altar,
          serial_shops, nicolae_diamond_shop, nicolae_shop_crystal,
          kennysheep_mini, nicolae_shop_trees, shop, uniq_eustachio, uniq_pikel
D:7:      layout_rooms, minmay_overflow_temple_star_quad, uniq_joseph,
          uniq_duvessa
D:8:      layout_rooms, mainiacjoe_overflow_alcove_4, special_room
          [special_room_orc], uniq_erica
D:9:      minmay_goldmine, layout_irregular_city, uniq_erolcha
Temple:   nicolae_temple_x_marks_the_god

Skill      XL: |  1  2  3  4  5  6  7  8  9 10 11 |
---------------+----------------------------------+-----
Stealth        | 2 |  2.0
Spellcasting   | 3 4 5 7 9 10 | 10.5
Fighting       | 1 3 4 5 8 |  8.2
Dodging        | 4 8 |  8.0

Action                   |  1- 3 |  4- 6 |  7- 9 | 10-12 || total
-------------------------+-------+-------+-------+-------++-------
Melee: Whip              |       |       |     2 |       ||     2
 Cast: Foxfire           |    48 |     5 |    22 |     1 ||    76
       Scorch            |    10 |    40 |   100 |   159 ||   309
       Conjure Flame     |       |     2 |     3 |     1 ||     6
       Sting             |       |    16 |     1 |       ||    17
       Confusing Touch   |       |       |     2 |       ||     2
       Flame Wave        |       |       |     1 |       ||     1
       Blink             |       |       |       |     4 ||     4
       Animate Dead      |       |       |       |     1 ||     1
Invok: Recall Ancestor   |       |       |       |     2 ||     2
       Ancestor Life: Kn |       |       |       |     1 ||     1
  Use: Scroll            |       |       |     8 |       ||     8
       Potion            |       |       |     1 |       ||     1
Armor: Robe              |     5 |     4 |       |     4 ||    13
       Leather armour    |       |       |     4 |       ||     4
Dodge: Dodged            |    26 |    16 |    20 |    16 ||    78
